 Dungeon Crawl Stone Soup version 0.31-a0-1099-g7fa767f3fe (webtiles) character file.

Game seed: 5211476968064132656

3654 Gumption the Grappler (level 9, -5/89 HPs)
             Began as a Troll Fighter on Dec 1, 2023.
             Was a Priest of Uskayaw.
             Slain by a killer bee (8 damage)
             ... on level 8 of the Dungeon.
             The game lasted 00:32:25 (6309 turns).

Gumption the Grappler (Troll Fighter)               Turns: 6309, Time: 00:32:26

Health: -5/89      AC:  5    Str: 26    XL:     9   Next: 88%
Magic:  6/11       EV:  9    Int:  4    God:    Uskayaw [***...]
Gold:   328        SH: 10    Dex: 13    Spells: 8/8 levels left

rFire   + .          .
                       - Unarmed
rCold   . . .        m - +0 kite shield
rNeg    . . .        a - +0 robe
rPois   .            (helmet restricted)
rElec   .            e - +0 cloak
rCorr   .            (gloves unavailable)
SInv    .            (boots unavailable)
Will    .....        (no amulet)
Stlth   +            g - ring of protection from fire
HPRegen 1.14/turn    (no ring)
MPRegen 0.12/turn

%: no passive effects
@: lethally poisoned (-5 -> -12)
A: large, unfitting armour, claws 3, regeneration 1, shaggy fur 1, tough skin 1
a: Renounce Religion, Stomp, Line Pass


You were on level 8 of the Dungeon.
You worshipped Uskayaw.
Uskayaw was noncommittal.
You visited 2 branches of the dungeon, and saw 9 of its levels.

You collected 328 gold pieces.

Inventory:

Hand Weapons
 b - a +0 sling
Missiles
 u - 12 poisoned darts (quivered)
Armour
 a - a +0 robe (worn)
 e - a +0 cloak (worn)
 m - a +0 kite shield (worn)
Jewellery
 g - a ring of protection from fire (left claw)
Wands
 r - a wand of iceblast (16)
 w - a wand of paralysis (13)
 A - a wand of flame (21)
Scrolls
 f - a scroll of noise {unknown}
 h - 2 scrolls of poison
 i - 2 scrolls of fog
 j - 3 scrolls of revelation
 l - a scroll of immolation
 p - 3 scrolls of teleportation
 q - a scroll of butterflies {unknown}
 t - a scroll of enchant weapon {unknown}
 y - a scroll of identify
 B - a scroll of amnesia {unknown}
 C - a scroll of brand weapon {unknown}
Potions
 c - 3 potions of might
 d - a potion of attraction {unknown}
 k - a potion of magic
 n - a potion of haste
 o - 3 potions of heal wounds
 s - a potion of experience {unknown}
 v - a potion of enlightenment {unknown}
 x - a potion of mutation {unknown}
 z - 2 potions of curing {unknown}


   Skills:
 + Level 6.0 Fighting
 - Level 2.4 Dodging
 + Level 6.6 Shields
 * Level 9.8 Unarmed Combat
 * Level 4.1 Invocations


You had 8 spell levels left.
You didn't know any spells.
Your spell library contained the following spells:

 Spells                   Type           Power      Damage    Failure   Level
 Apportation              Tloc           0%         N/A       71%         1
 Foxfire                  Conj/Fire      0%         2x1d4     71%         1
 Freeze                   Ice            0%         1d3       71%         1
 Blink                    Tloc           0%         N/A       85%         2
 Jinxbite                 Hex            0%         N/A       85%         2
 Dazzling Flash           Conj/Hex       0%         N/A       97%         3
 Frozen Ramparts          Ice            0%         1d1       97%         3
 Hailstorm                Conj/Ice       0%         3d3       97%         3
 Volatile Blastmotes      Fire/Tloc      0%         2d10      97%         3
 Manifold Assault         Tloc           0%         N/A       100%        4
 Alistair's Intoxication  Tmut/Pois      0%         N/A       100%        5
 Plasma Beam              Fire/Air       0%         2x1d10    100%        6
 Starburst                Conj/Fire      0%         6d3       100%        6
 Malign Gateway           Summ/Tloc      0%         N/A       100%        7
 Maxwell's Capacitive Co  Air            0%         ∞         100%        8
 Summon Horrible Things   Summ           0%         N/A       100%        8


Dungeon Overview and Level Annotations

Branches:
Dungeon (8/15)             Temple (1/1) D:6
   Lair: D:8-11

Altars:
Ashenzari
Cheibriados
Dithmenos
Elyvilon
Fedhas
Gozag
Hepliaklqana
Kikubaaqudgha
Makhleb
Nemelex Xobeh
Okawaru
Qazlal
Ru
Sif Muna
Trog
Uskayaw
Vehumet
Wu Jian
Xom
Yredelemnul
Zin
The Shining One


Innate Abilities, Weirdness & Mutations

You are too large for most types of armour.
You have claws for hands.
Your natural rate of healing is unusually fast.
You are covered in fur. (AC +1)
You have tough skin. (AC +1)


Message History

* * * LOW HITPOINT WARNING * * *
You closely miss the killer bee.
The killer bee is lightly wounded.
You feel sick. The killer bee barely misses you.
You claw the killer bee!
The killer bee is almost dead.
You feel sick. The killer bee closely misses you.
You block the killer bee's attack.
Uskayaw will force your foes to helplessly watch your dance.
Uskayaw prepares the audience for your solo!
The helpless killer bee fails to defend itself.
You eviscerate the killer bee!!!
You kill the killer bee!
You feel sick.
You feel sick.
The killer bee is no longer paralysed. x3
The killer bee stings you.
* * * LOW HITPOINT WARNING * * *
The killer bee barely misses you. The killer bee completely misses you.
The killer bee stings you.
* * * LOW HITPOINT WARNING * * *
You are more poisoned.
The killer bee poisons you!
The killer bee stings you but does no damage.
The killer bee closely misses you.
Things that are here:
a killer bee corpse; a killer bee corpse You barely miss the killer bee.
You feel sick. You block the killer bee's attack. The killer bee stings you.
* * * LOW HITPOINT WARNING * * *
The killer bee misses you. The killer bee stings you!
* * * LOW HITPOINT WARNING * * *
You block the killer bee's attack. The killer bee closely misses you.
You miss the killer bee.
You feel sick. The killer bee barely misses you. The killer bee stings you!
* * * LOW HITPOINT WARNING * * *
You are lethally poisoned!
The killer bee poisons you! You block the killer bee's attack.
The killer bee misses you. The killer bee closely misses you.
The killer bee stings you!
You die...

...########.##.#.##
..................##
#.###......##...... #
#..##..............
#.##.##......####..##
#..................##
####.#######.........
#.# ########.. ##@##
#..


#yyy# #.. #......... #.. #...##...# #.# ##### ... ..# ## #### # # # You could
see 3 killer bees.

Vanquished Creatures
  Pikel (D:4)
  Psyche (D:8)
  A wyvern (D:8)
  Grum (D:8)
  A water moccasin (D:8)
  4 ogres
  An ice beast (D:6)
  2 black bears
  A sky beast (D:7)
  3 centaurs
  2 wolves (D:8)
  A phantom (D:5)
  A kobold brigand (D:7)
  2 bullfrogs
  7 killer bees
  An orc priest (D:3)
  Jessica (D:2)
  9 iguanas
  4 sleepcaps
  Ijyb (D:5)
  8 orc wizards
  6 adders
  6 gnolls
  2 shadow imps
  2 white imps (D:6)
  2 ufetubi (D:5)
  6 dart slugs
  28 orcs
  6 endoplasms
  2 giant cockroaches
  9 goblins
  6 hobgoblins
  9 jackals
  11 kobolds
  10 ball pythons
  2 bats
  6 frilled lizards
  2 rats
168 creatures vanquished.

Vanquished Creatures (others)
  A kobold (D:7)
1 creature vanquished.

Grand Total: 169 creatures vanquished

Notes
Turn   | Place    | Note
-------+----------+-------------------------------------------
     0 | D:1      | Gumption the Troll Fighter began the quest for the Orb.
     0 | D:1      | Reached XP level 1. HP: 22/22 MP: 0/0
    61 | D:1      | Reached XP level 2. HP: 29/29 MP: 1/1
   585 | D:2      | Reached XP level 3. HP: 36/36 MP: 2/2
   811 | D:2      | Reached skill level 3 in Unarmed Combat
  1142 | D:2      | Noticed Jessica
  1155 | D:2      | Killed Jessica
  1156 | D:2      | Reached XP level 4. HP: 42/44 MP: 3/3
  1802 | D:3      | Found a sacrificial altar of Ru.
  1949 | D:3      | Reached XP level 5. HP: 53/53 MP: 4/4
  1956 | D:3      | Reached skill level 4 in Unarmed Combat
  2727 | D:4      | Noticed Pikel
  2733 | D:4      | Noticed a lemure
  2733 | D:4      | Noticed a lemure
  2734 | D:4      | Noticed a lemure
  2739 | D:4      | Noticed an ogre
  2742 | D:4      | Killed Pikel
  2743 | D:4      | Reached skill level 6 in Unarmed Combat
  2743 | D:4      | Reached XP level 6. HP: 50/62 MP: 5/5
  2743 | D:4      | Reached XP level 7. HP: 56/70 MP: 6/6
  3103 | D:5      | Entered Level 5 of the Dungeon
  3320 | D:5      | Reached skill level 5 in Shields
  3320 | D:5      | Reached XP level 8. HP: 79/79 MP: 7/7
  3352 | D:5      | Reached skill level 7 in Unarmed Combat
  3364 | D:5      | Noticed Ijyb
  3385 | D:5      | Killed Ijyb
  4087 | D:6      | Reached skill level 5 in Fighting
  4197 | D:6      | Found an opulent altar of Gozag.
  4210 | D:6      | Found a blossoming altar of Fedhas.
  4261 | D:6      | Reached skill level 8 in Unarmed Combat
  4519 | D:6      | Found a staircase to the Ecumenical Temple.
  4525 | Temple   | Entered the Ecumenical Temple
  4550 | Temple   | Became a worshipper of Uskayaw the Reveller
  4652 | D:6      | Reached * piety under Uskayaw
  5069 | D:6      | Found a broken altar of Ashenzari.
  5093 | D:7      | Reached ** piety under Uskayaw
  5095 | D:7      | Reached *** piety under Uskayaw
  5129 | D:6      | Reached XP level 9. HP: 32/88 MP: 8/8
  5197 | D:7      | Reached skill level 1 in Invocations
  5267 | D:7      | Found a stormy altar of Qazlal.
  5431 | D:7      | Found a shimmering blue altar of Sif Muna.
  5545 | D:7      | Reached skill level 9 in Unarmed Combat
  6029 | D:8      | Noticed Psyche
  6040 | D:8      | Noticed Grum
  6043 | D:8      | Killed Psyche
  6047 | D:8      | Killed Grum
  6047 | D:8      | Reached **** piety under Uskayaw
  6309 | D:8      | HP: 3/89 [killer bee (8)]
  6309 | D:8      | Slain by a killer bee

Illustrated notes

Levels and vault maps discovered:
D:1:      pf_arrival_petrified_forest, layout_basic
D:2:      layout_basic, small_statue_intersection, minmay_misc_feat_nine_boxes,
          grunt_ministairs_7, kennysheep_generic_room_6, uniq_jessica
D:3:      layout_basic, nicolae_overflow_crystal_walls
D:4:      layout_layer_cave, minmay_crossroads, uniq_pikel
D:5:      layout_basic, serial_library_hellmonk_angled_corner, uniq_ijyb
D:6:      layout_loops_cross, kennysheep_mini, minitemple,
          minmay_temple_entry_overgrown, minmay_misc_feat_alley, billiards_dpeg
D:7:      layout_loops_ring, nicolae_qazlal_style_of_elements,
          kennysheep_little_box
D:8:      layout_loops_cross, uniq_grum, uniq_psyche
Temple:   eino_temple_scatter_basement

Skill      XL: |  1  2  3  4  5  6  7  8  9 |
---------------+----------------------------+-----
Shields        | 3 4 5 6 |  6.6
Unarmed Combat | 3 6 8 9 |  9.8
Fighting       | 3 4 5 6 |  6.0
Invocations    | 4 |  4.1
Dodging        | |  2.4

Action                     |  1- 3 |  4- 6 |  7- 9 || total
---------------------------+-------+-------+-------++-------
  Melee: Unarmed           |    89 |   113 |   275 ||   477
   Fire: Sling             |       |     7 |       ||     7
  Throw: Dart              |       |       |     5 ||     5
 Invoke: Stomp             |       |       |     3 ||     3
    Use: Scroll            |       |     1 |     7 ||     8
   Stab: Sleeping          |       |       |     2 ||     2
         Paralysed         |       |       |     4 ||     4
 Armour: Robe              |    31 |    45 |   159 ||   235
  Dodge: Dodged            |    24 |    29 |   105 ||   158
  Block: Kite shield       |    32 |    38 |   132 ||   202

Table legend: (Time is in decaauts)
 A = Elapsed time spent in this place.
 B = Non-inter-level travel time spent in this place.
 C = Inter-level travel time spent in this place.
 D = Time resting spent in this place.
 E = Time spent auto-exploring this place.
 F = Levels seen in this place.
 G = Mean time per level.
                   A        B        C        D        E       F      G
               +--------+--------+--------+--------+--------+-----+--------+
         Total |   6305 |   6134 |    171 |    295 |   3195 |   9 |  700.6 |
       Dungeon |   6270 |   6114 |    156 |    295 |   3195 |   8 |  783.8 |
        Temple |     34 |     19 |     15 |      0 |      0 |   1 |   34.0 |
               +--------+--------+--------+--------+--------+-----+--------+

Top non-repeatable levels by time:
     D:6: 1108 daAuts
     D:2: 1036 daAuts
     D:4: 900 daAuts
     D:5: 882 daAuts
     D:7: 786 daAuts
     D:3: 653 daAuts
     D:1: 539 daAuts
     D:8: 364 daAuts
  Temple: 34 daAuts
